 Seeded DCSS version 0.30-a0-219-gf2db51d15e (webtiles) character file.

Game seed: 6221397826817002271 (custom seed)

66 SigmundSlayer the Chopper (level 3, -1/28 HPs)
             Began as a Demonspawn Gladiator on Oct 7, 2022.
             Was an Initiate of Cheibriados.
             Killed by nerve-wracking pain
             ... invoked by Jessica
              (2 damage)
             ... on level 3 of the Dungeon.
             The game lasted 00:03:10 (2133 turns).

SigmundSlayer the Chopper (Demonspawn Gladiator)    Turns: 2133, Time: 00:03:11

Health: -1/28      AC:  6    Str: 17    XL:     3   Next: 96%
Magic:  3/3        EV: 12    Int: 18    God:    Cheibriados [......]
Gold:   89         SH:  4    Dex: 12    Spells: 2/2 levels left

rFire   + . .      SeeInvis .    a - +0 war axe
rCold   + . .      Faith    .    (no shield)
rNeg    . . .      Spirit   .    b - +0 leather armour
rPois   .          Reflect  .    c - +1 helmet
rElec   +          Harm     .    l - +0 cloak "Akatothy" {rElec rF+ Int+6 Dex-3}
rCorr   .          Rampage  .    (no gloves)
Will    .....                    (no boots)
Stlth   +.........               (no amulet)
HPRegen 0.24/turn                r - ring of protection from cold
MPRegen 0.08/turn                (no ring)

@: slowed, very slow
A: big brain 1, condensation shield
a: Renounce Religion


You were on level 3 of the Dungeon.
You worshipped Cheibriados.
Cheibriados was noncommittal.
You visited 1 branch of the dungeon, and saw 3 of its levels.

You collected 89 gold pieces.

Inventory:

Hand Weapons
 a - a +0 war axe (weapon)
Missiles
 d - 5 throwing nets (quivered)
 e - a javelin
Armour
 b - a +0 leather armour (worn)
 c - a +1 helmet (worn)
 f - the +8 crystal plate armour of the Pit {rF++ rC+}
   (You acquired it on level 1 of the Dungeon)

   rF:        It greatly protects you from fire.
   rC:        It protects you from cold.
 l - the +0 cloak "Akatothy" (worn) {rElec rF+ Int+6 Dex-3}
   (You found it on level 2 of the Dungeon)

   Int:       It affects your intelligence (+6).
   Dex:       It affects your dexterity (-3).
   rF:        It protects you from fire.
   rElec:     It insulates you from electricity.
Jewellery
 m - a ring of wizardry
 r - a ring of protection from cold (left hand)
Scrolls
 g - 2 scrolls of enchant weapon
 h - a scroll of teleportation
 j - 2 scrolls of poison
 q - a scroll of butterflies
Potions
 i - a potion of attraction {unknown}
 n - a potion of brilliance


   Skills:
 + Level 2.7 Fighting
 * Level 3.7 Axes
 - Level 1.7 Throwing
 + Level 1.2 Armour
 - Level 2.6 Dodging


You had 2 spell levels left.
You didn't know any spells.
Your spell library contained the following spells:

 Spells                   Type           Power      Damage    Failure   Level
 Foxfire                  Conj/Fire      0%         2x1d4     26%         1
 Magic Dart               Conj           0%         1d3       26%         1
 Call Imp                 Summ           0%         N/A       36%         2
 Mephitic Cloud           Conj/Pois/Air  0%         N/A       61%         3
 Fireball                 Conj/Fire      0%         3d3       100%        5
 Starburst                Conj/Fire      0%         6d3       100%        6


Dungeon Overview and Level Annotations

Branches:
Dungeon (3/15)

Altars:
Cheibriados

Shops:
D:1 :*

Annotations:
D:3 Jessica


Innate Abilities, Weirdness & Mutations

You have an unusually large brain. (Int +2)
A meltable shield of frost defends you. (SH +4)


Message History

Jessica is moderately wounded.
Jessica closely misses you. Jessica hits you with a +0 club.
Jessica shouts, "You're disturbing me!
I'll have to kill you!" Jessica closely misses you.
You closely miss Jessica.
Jessica is moderately wounded.
Jessica hits you with a +0 club. Jessica casts a spell at you.
You feel as though you will be slow longer.
Jessica casts a spell.
Jessica blinks!
You are too injured to fight recklessly!
You are too injured to fight recklessly!
You are too injured to fight recklessly!
You are too injured to fight recklessly!
You are too injured to fight recklessly!
You are too injured to fight recklessly!
You are too injured to fight recklessly!
You are too injured to fight recklessly!
You are too injured to fight recklessly!
You are too injured to fight recklessly!
You are too injured to fight recklessly!
You are too injured to fight recklessly!
You are too injured to fight recklessly!
You are too injured to fight recklessly!
You are too injured to fight recklessly!
You are too injured to fight recklessly!
You are too injured to fight recklessly!
You are too injured to fight recklessly!
You are too injured to fight recklessly!
You aren't carrying any items that you can evoke.
Jessica gestures at you while chanting.
You feel as though you will be slow longer.
Jessica points at you and mumbles some strange words.
Pain shoots through your body!
Ouch! That really hurt!
* * * LOW HITPOINT WARNING * * *
Jessica gestures at you while chanting. Pain shoots through your body!
You die...

### ############.#
#............#
#.##########.##########
#.# #@...@...... #.#
############ #.#
#####'### ........#
........# ........#
.)......# ...)....#
#########.....


You could see Jessica (fast).

Vanquished Creatures
  2 adders (D:3)
  A worm (D:3)
  2 dart slugs
  An orc (D:3)
  3 endoplasms
  3 giant cockroaches
  6 hobgoblins
  A quokka (D:1)
  2 ball pythons (D:1)
  5 bats
  4 frilled lizards
  7 kobolds
  4 rats
  A bush (D:1)
42 creatures vanquished.

Vanquished Creatures (others)
  A plant (D:1)
1 creature vanquished.

Grand Total: 43 creatures vanquished

Notes
Turn   | Place    | Note
-------+----------+-------------------------------------------
     0 | D:1      | SigmundSlayer the Demonspawn Gladiator began the quest for
                  | the Orb.
     0 | D:1      | Reached XP level 1. HP: 16/16 MP: 1/1
     8 | D:1      | Found Sakkono's Assorted Antiques.
   110 | D:1      | Found Dickuiv's Vocational Training.
   130 | D:1      | Identified a scroll of acquirement
   130 | D:1      | Acquired the +8 crystal plate armour of the Pit {rF++ rC+}
   232 | D:1      | Reached skill level 3 in Axes
   232 | D:1      | Gained mutation: A meltable shield of frost defends you.
                  | (SH +4) [demonic ancestry]
   232 | D:1      | Reached XP level 2. HP: 18/22 MP: 2/2
   692 | D:2      | Identified the +0 cloak "Akatothy" {rElec rF+ Int+6 Dex-3}
   755 | D:2      | Found a faded altar of an unknown god.
   944 | D:2      | Found a snail-covered altar of Cheibriados.
  1045 | D:2      | Became a worshipper of Cheibriados the Contemplative
  1207 | D:2      | Gained mutation: You have an unusually large brain. (Int
                  | +2) [demonic ancestry]
  1207 | D:2      | Reached XP level 3. HP: 26/28 MP: 3/3
  1483 | D:3      | Reached skill level 1 in Armour
  2123 | D:3      | Noticed Jessica
  2132 | D:3      | HP: 1/28 [Jessica/nerve-wracking pain (14)]
  2133 | D:3      | Killed from afar by Jessica

Illustrated notes

Levels and vault maps discovered:
D:1:      lemuel_arrival_behind_the_door_large, layout_rooms, serial_shops,
          shop, serial_forest, infiniplex_forest_clump_long,
          infiniplex_forest_lined_room_3, infiniplex_forest_clump_medium,
          infiniplex_forest_pool, infiniplex_forest_end_1,
          infiniplex_forest_lined_corner, infiniplex_forest_lined_3_way,
          infiniplex_forest_clump_tiny, nicolae_shop_vocational
D:2:      layout_rooms, ebering_ecumenical_altar_mist, basic_altar
D:3:      layout_basic, mainiacjoe_overflow_tiny_flanked, uniq_jessica

Skill      XL: |  1  2  3 |
---------------+----------+-----
Axes           | 3 |  3.7
Armour         | 1 |  1.2
Fighting       | |  2.7
Throwing       | |  1.7
Dodging        | |  2.6

Action                   || total
-------------------------++-------
Melee: War axe           ||   200
  Use: Scroll            ||    10
       Potion            ||     1
Armor: Leather armour    ||    47
Dodge: Dodged            ||   112
Block: Other             ||    20

Table legend: (Time is in decaauts)
 A = Elapsed time spent in this place.
 B = Non-inter-level travel time spent in this place.
 C = Inter-level travel time spent in this place.
 D = Time resting spent in this place.
 E = Time spent auto-exploring this place.
 F = Levels seen in this place.
 G = Mean time per level.
                   A        B        C        D        E       F      G
               +--------+--------+--------+--------+--------+-----+--------+
         Total |   2445 |   2378 |     67 |     79 |   1719 |   3 |  815.0 |
       Dungeon |   2445 |   2378 |     67 |     79 |   1719 |   3 |  815.0 |
               +--------+--------+--------+--------+--------+-----+--------+

Top non-repeatable levels by time:
     D:3: 902 daAuts
     D:2: 843 daAuts
     D:1: 700 daAuts
